Map: Dusk Towers

Players

RememberMMA

  • Race: Terran Terran
  • League: Master

POX - Winner!

  • Race: Protoss Protoss
  • League: Master

VOD

Have the link to the VOD?

Description

ECVPOX's Macro PvT build (top50 GM)

Time

  • Played on: April 2, 2016, 11:08 a.m.
  • Length: 10:09
Show
View Real Time Build Order
Export as new Build Order

RememberMMA Terran 

Build Orders: Reaper Expand, MMM Bio 

Get SALT Encoding   

  12  0:01  SCV  
  13  0:13  SCV  
  14  0:18  Supply Depot  
  14  0:25  SCV  
  15  0:39  SCV  
  15  0:42  Barracks  
  16  0:49  Refinery  
  16  0:51  SCV  
  17  1:03  SCV  
  18  1:15  SCV  
  19  1:30  Orbital Command  
  19  1:32  Reaper  
  20  1:41  Command Center  
  20  1:51  Supply Depot  
  20  1:55  SCV  
  21  2:07  SCV  
  22  2:11  Barracks Reactor  
  22  2:19  SCV  
  23  2:26  Factory  
  23  2:31  SCV  
  24  2:43  SCV  
  24  2:47  Command Center  
  24  2:48  Marine x2  
  26  2:56  Orbital Command, SCV  
  27  3:01  Bunker  
  27  3:08  Marine x2, SCV  
  27  3:10  Factory Tech Lab  
  30  3:20  SCV  
  30  3:26  Marine x2  
  32  3:28  SCV  
  32  3:33  Cyclone  
  36  3:35  SCV  
  36  3:40  SCV  
  38  3:44  Marine x2  
  38  3:47  SCV  
  41  3:52  SCV  
  41  3:53  Engineering Bay  
  42  3:57  Supply Depot  
  42  3:59  SCV  
  42  4:00  Orbital Command  
  42  4:02  Marine x2  
  45  4:04  SCV  
  46  4:12  SCV  
  46  4:13  Factory Tech Lab  
  46  4:15  Barracks  
  46  4:16  SCV  
  48  4:20  Marine x2, Barracks  
  50  4:24  SCV  
  50  4:28  SCV  
  50  4:30  SCV  
  53  4:31  Supply Depot  
  53  4:36  SCV  
  54  4:39  Refinery, Marine x2  
  54  4:40  Refinery, SCV  
  54  4:43  SCV  
  54  4:44  Missile Turret  
  58  4:48  SCV  
  58  4:52  Terran Infantry Weapons Level 1  
  59  4:53  Supply Depot, SCV  
  59  4:55  SCV  
  59  4:57  Marine x2  
  63  5:00  SCV  
  63  5:03  Supply Depot  
  63  5:04  Stimpack  
  63  5:05  Marauder  
  63  5:06  SCV  
  67  5:07  SCV  
  67  5:10  Refinery  
  67  5:13  SCV  
  69  5:14  Marine  
  69  5:15  Marine  
  69  5:16  Combat Shields  
  69  5:19  SCV  
  72  5:24  Supply Depot, SCV  
  72  5:25  Supply Depot, Marauder  
  75  5:31  Marauder  
  75  5:32  SCV  
  75  5:33  SCV  
  79  5:38  Starport  
  79  5:41  Marine x2  
  79  5:42  Factory Reactor  
  81  5:44  Orbital Command, SCV  
  81  5:45  SCV  
  83  5:52  Marauder  
  83  5:53  Marauder  
  83  5:57  SCV  
  88  6:00  SCV  
  88  6:01  Supply Depot  
  88  6:02  Barracks  
  88  6:03  Barracks  
  89  6:07  Marine x2  
  89  6:09  SCV  
  89  6:10  SCV  
  93  6:12  SCV  
  93  6:13  Marauder  
  96  6:21  SCV, Barracks x2  
  96  6:22  SCV, Barracks  
  96  6:24  Medivac  
  100  6:26  Supply Depot  
  100  6:28  Medivac  
  100  6:29  Marauder  
  100  6:30  SCV  
  105  6:33  SCV  
  105  6:35  SCV  
  105  6:36  Missile Turret  
  105  6:38  Concussive Shells, Marauder  
  109  6:42  SCV  
  109  6:43  Marine  
  109  6:45  Marine  
  109  6:46  SCV  
  112  6:49  SCV  
  112  6:51  Marauder  
  112  6:52  Barracks Tech Lab x2  
  112  6:53  Bunker  
  115  6:54  SCV  
  115  6:57  Medivac  
  115  6:58  SCV  
  115  6:59  Marauder, Medivac  
  123  7:02  Terran Infantry Armor Level 1  
  123  7:03  Marine  
  121  7:12  Marine x2, Marauder  
  121  7:13  Marine x2  
  118  7:21  Marauder  
  113  7:23  Marauder x2  
  113  7:24  SCV x2  
  113  7:32  Barracks Tech Lab x2  
  113  7:33  SCV  
  113  7:34  Marauder  
  116  7:39  Medivac  
  116  7:43  SCV, Medivac  
  117  7:45  SCV  
  114  7:51  Supply Depot  
  114  7:52  Marauder x2  
  114  7:53  Marine  
  114  7:54  Marine  
  114  7:55  Marine  
  114  7:56  SCV  
  114  7:57  SCV  
  114  7:58  Marine, Marauder  
  117  8:01  SCV  
  117  8:03  Marine, Marauder  
  110  8:09  SCV x2  
  107  8:13  SCV  
  107  8:16  Marauder  
  107  8:17  Marauder  
  110  8:21  SCV  
  110  8:22  SCV  
  110  8:23  Liberator x2  
  111  8:27  Supply Depot  
  111  8:30  Marauder x2  
  113  8:34  Missile Turret  
  113  8:37  Missile Turret  
  119  8:42  Marauder x3  
  119  8:45  Barracks Reactor  
  125  8:49  Marine, Marauder  
  125  8:55  Marauder x2  
  132  9:02  Marine  
  133  9:03  Marauder x3  
  133  9:08  Armory  
  139  9:10  Engineering Bay, SCV x2  
  139  9:11  Supply Depot x3  
  139  9:12  Refinery  
  141  9:19  Marauder x2  
  141  9:23  Marauder  
  139  9:25  Marauder  
  141  9:33  Marauder  
  143  9:39  Marine x3, Marauder  
  148  9:46  Marine  
  148  9:47  Marine, Marauder x2  
Show
View Real Time Build Order
Export as new Build Order

POX Protoss - Winner!

Build Orders: 1 Gate Expand, Blink Stalkers 

Get SALT Encoding   

  12  0:01  Probe (Chrono Boost)  
  13  0:11  Probe (Chrono Boost)  
  14  0:18  Pylon  
  14  0:22  Probe (Chrono Boost)  
  15  0:36  Probe (Chrono Boost)  
  15  0:37  Gateway  
  16  0:46  Probe (Chrono Boost)  
  16  0:48  Assimilator  
  17  0:57  Probe (Chrono Boost)  
  18  1:08  Probe (Chrono Boost)  
  19  1:18  Nexus  
  19  1:32  Cybernetics Core  
  19  1:33  Probe (Chrono Boost)  
  19  1:38  Assimilator  
  20  1:44  Probe (Chrono Boost)  
  21  1:47  Pylon  
  21  1:54  Probe (Chrono Boost)  
  22  2:05  Probe (Chrono Boost)  
  23  2:08  Adept (Chrono Boost)  
  23  2:09  Warp Gate  
  25  2:17  Probe  
  26  2:26  Twilight Council  
  26  2:29  Probe x2  
  27  2:35  Stalker (Chrono Boost)  
  30  2:41  Probe x2 (Chrono Boost)  
  32  2:52  Probe x2 (Chrono Boost)  
  32  2:54  Blink (Chrono Boost)  
  32  2:58  Pylon  
  34  3:01  Probe (Chrono Boost)  
  34  3:02  Probe  
  36  3:11  Stalker, Probe  
  38  3:14  Probe  
  40  3:21  Probe  
  40  3:26  Probe  
  42  3:31  Robotics Facility  
  42  3:32  Probe  
  43  3:39  Probe (Chrono Boost)  
  44  3:43  Nexus  
  44  3:49  Probe (Chrono Boost)  
  44  3:51  Mothership Core (Chrono Boost)  
  44  3:54  Pylon  
  47  4:02  Probe (Chrono Boost)  
  48  4:04  Gateway  
  48  4:05  Gateway  
  48  4:09  Probe (Chrono Boost)  
  49  4:12  Stalker  
  49  4:15  Probe (Chrono Boost)  
  52  4:19  Assimilator  
  52  4:20  Probe (Chrono Boost), Assimilator  
  53  4:25  Probe (Chrono Boost), Pylon  
  53  4:26  Observer (Chrono Boost)  
  56  4:31  Probe  
  56  4:36  Resonating Glaives  
  56  4:37  Probe  
  57  4:43  Stalker, Probe  
  57  4:45  Observer (Chrono Boost)  
  61  4:49  Probe  
  62  4:55  Probe, Gateway  
  62  4:56  Probe  
  62  4:58  Gateway  
  62  4:59  Gateway  
  64  5:02  Probe  
  64  5:04  Observer (Chrono Boost)  
  64  5:06  Probe  
  66  5:07  Probe  
  66  5:08  Stalker  
  66  5:14  Stalker, Probe  
  71  5:17  Probe  
  71  5:18  Stalker  
  71  5:20  Probe  
  77  5:22  Observer (Chrono Boost)  
  77  5:26  Probe  
  79  5:29  Probe  
  79  5:31  Stalker  
  82  5:36  Probe  
  82  5:37  Pylon x2  
  82  5:40  Pylon  
  82  5:41  Pylon  
  83  5:43  Warp Prism (Chrono Boost)  
  83  5:47  Probe  
  83  5:49  Probe  
  85  5:55  Probe, Pylon  
  86  5:58  Pylon  
  86  6:00  Stalker  
  86  6:01  Stalker x2, Probe  
  86  6:02  Probe  
  94  6:06  Assimilator  
  94  6:07  Assimilator  
  94  6:11  Probe  
  95  6:15  Probe  
  95  6:16  Stalker x2  
  101  6:22  Stalker  
  102  6:27  Robotics Facility  
  102  6:29  Robotics Bay  
  102  6:34  Forge  
  102  6:35  Forge  
  102  6:46  Adept x4  
  110  6:50  Pylon  
  110  7:00  Nexus  
  110  7:05  Adept x2  
  110  7:06  Adept x4  
  122  7:20  Colossus (Chrono Boost)  
  122  7:21  Colossus (Chrono Boost)  
  122  7:32  Protoss Ground Weapons Level 1 (Chrono Boost)  
  122  7:33  Protoss Ground Armor Level 1 (Chrono Boost), Extended Thermal Lance (Chrono Boost)  
  118  7:49  Adept x6  
  126  7:53  Probe  
  126  7:54  Probe  
  126  7:58  Probe  
  127  8:03  Probe  
  127  8:04  Pylon  
  124  8:07  Pylon  
  124  8:09  Colossus x2 (Chrono Boost)  
  122  8:16  Sentry x2  
  122  8:18  Photon Cannon  
  136  8:20  Photon Cannon  
  136  8:21  Photon Cannon  
  134  8:28  Adept  
  134  8:29  Adept x2  
  134  8:31  Adept  
  140  8:39  Photon Cannon  
  140  8:43  Photon Cannon  
  140  8:45  Photon Cannon  
  140  8:49  Photon Cannon  
  140  8:50  Sentry  
  140  8:51  Sentry x2  
  140  8:53  Adept x2, Photon Cannon  
  150  8:59  Adept  
  150  9:02  Assimilator  
  152  9:03  Colossus  
  152  9:04  Assimilator  
  152  9:05  Stargate  
  152  9:07  Colossus  
  164  9:38  Adept x4  
  170  9:40  Probe x2  
  172  9:48  Pylon x2  
  172  9:51  Pylon  
  172  9:52  Adept x2  
  170  9:55  Pylon  
  154  10:01  Adept x4  
Tags
 
Add a new tag
Caveats
  • Supply blocks, unpowered buildings, or Contaminate may cause inaccurate times.
  • Supply counts are checked every 10 seconds.